 Dungeon Crawl Stone Soup version 0.22.0-38-g04b72b8 (webtiles) character file.

6470 Kold the Severer (level 10, -7/84 HPs)
             Began as a Minotaur Gladiator on Aug 31, 2018.
             Was an Elder of Wu Jian.
             Mangled by a hornet (9 damage)
             ... on level 10 of the Dungeon.
             The game lasted 00:32:04 (11135 turns).

Kold the Severer (Minotaur Gladiator)              Turns: 11135, Time: 00:32:04

Health: -7/84      AC:  8    Str: 17 (20) XL:     10   Next: 68%
Magic:  9/9        EV: 15    Int: 11 (13) God:    Wu Jian [****..]
Gold:   540        SH:  0    Dex: 11 (14) Spells: 9/9 levels left

rFire    . . .     SeeInvis .   r - +2 hand axe (venom)
rCold    . . .     Gourm    .   (no shield)
rNeg     . . .     Faith    +   U - +0 steam dragon scales
rPois    .         Spirit   .   c - +0 hat
rElec    .         Reflect  .   w - +0 cloak
rCorr    .         Harm     .   m - +0 pair of gloves
MR       .....                  (no boots)
Stlth    +.........             L - amulet of faith
HPRegen  0.24/turn              o - +3 ring of intelligence
MPRegen  0.11/turn              z - +5 ring of intelligence

@: lethally poisoned (-7 -> -35), hasted and slowed
A: retaliatory headbutt, horns 2
a: Wall Jump, Serpent's Lash, Renounce Religion


You were on level 10 of the Dungeon.
You worshipped Wu Jian.
Wu Jian was greatly pleased with you.
You were not hungry.

You visited 2 branches of the dungeon, and saw 11 of its levels.
You also visited: Ossuary.

You collected 630 gold pieces.
You spent 90 gold pieces at shops.

Inventory:

Hand Weapons
 r - a +2 hand axe of venom (weapon)
 I - a +0 antimagic hand axe
 M - a +0 blowgun
Missiles
 d - 4 throwing nets (quivered)
 N - 14 poisoned needles
Armour
 c - a +0 hat (worn)
 m - a +0 pair of gloves (worn)
 q - a +0 leather armour of fire resistance
 w - a +0 cloak (worn)
 H - a +0 buckler
 P - a +0 robe of positive energy
 R - a cursed +0 large shield
 U - +0 steam dragon scales (worn)
Jewellery
 o - a +3 ring of intelligence (left hand)
 z - a +5 ring of intelligence (right hand)
 L - an amulet of faith (around neck)
Wands
 y - a wand of digging (34)
 V - a wand of acid (7)
Scrolls
 a - 2 scrolls of fog {unknown}
 g - 3 scrolls of remove curse
 l - 6 scrolls of teleportation
 s - 3 scrolls of immolation {unknown}
 u - 2 scrolls of blinking {unknown}
 v - 4 scrolls of identify {unknown}
 x - 4 scrolls of random uselessness {unknown}
 A - 2 scrolls of enchant weapon
 F - 3 scrolls of fear {unknown}
 K - a scroll of amnesia {unknown}
 O - a scroll of vulnerability {unknown}
 T - a scroll of holy word {unknown}
Potions
 b - a potion of curing
 e - 2 potions of ambrosia
 h - 2 potions of degeneration
 i - a potion of might {unknown}
 j - 5 potions of haste
 k - a potion of invisibility {unknown}
 n - 2 potions of magic {unknown}
 p - 2 potions of brilliance {unknown}
 t - 2 potions of flight {unknown}
 B - 2 potions of agility {unknown}
 C - 2 potions of heal wounds {unknown}
 D - a potion of mutation {unknown}
 E - a potion of berserk rage {unknown}
 G - a potion of cancellation {unknown}
 S - a potion of lignification {unknown}
Miscellaneous
 J - a phantom mirror
Comestibles
 f - 20 rations
 Q - 3 chunks of flesh


   Skills:
 + Level 6.6 Fighting
 - Level 16.0 Axes
 - Level 2.0 Throwing
 + Level 4.9 Armour
 + Level 6.2 Dodging


You had 9 spell levels left.
You didn't know any spells.
Your spell library contained the following spells:

 Spells                   Type           Power        Failure   Level  Hunger
 Animate Skeleton         Necr           N/A          34%         1    ##.....
 Apportation              Tloc           #.....       34%         1    ##.....
 Confusing Touch          Hex            #.....       34%         1    ##.....
 Sting                    Conj/Pois      #...         34%         1    ##.....
 Summon Small Mammal      Summ           #...         34%         1    ##.....
 Poisonous Vapours        Pois/Air       #.....       47%         2    ###....
 Mephitic Cloud           Conj/Pois/Air  #.......     71%         3    ####...
 Olgreb's Toxic Radiance  Pois           #.......     98%         4    #####..
 Venom Bolt               Conj/Pois      #.........   100%        5    ######.


Dungeon Overview and Level Annotations

Branches:
Dungeon (10/15)            Temple (1/1) D:7             Orc (0/2) D:9
   Lair: D:8-11

Altars:
Dithmenos
Elyvilon
Hepliaklqana
Okawaru
Qazlal
Ru
Sif Muna
Wu Jian
Xom
Zin
Beogh


Innate Abilities, Weirdness & Mutations

You reflexively headbutt those who attack you in melee.
You have a pair of horns on your head.


Message History

You feel as though you will be slow longer.
The hornet stings you.
* * * LOW HITPOINT WARNING * * *
You suddenly lose the ability to move!
You can move again.
You feel yourself speed up.
* * * LOW HITPOINT WARNING * * *
You feel very sick. The hornet stings you.
* * * LOW HITPOINT WARNING * * *
You are more poisoned.
You feel as though you will be slow longer.
The hornet closely misses you. You furiously retaliate!
You headbutt the hornet.
It was a potion of degeneration.
There was something very wrong with that liquid.
You feel weakened.
You feel dopey.
You feel clumsy.
* * * LOW HITPOINT WARNING * * *
You feel sick. The hornet stings you!
You die...

.......#####+##.....###'####..'..
##..................#.....#...#..
.#.............######.....#####..
.#.............#..........#......
.######........+..........#......
..# #........#...##.....(......
..# #........#...##.....#......
### #........#...##...).#......
.........#@..'...(..#......
.........#y..##..(..#......
.........#...##(....#...... .
#...########...... ..
#+##....#.... #...... .r
#..+....#...## #......
########..#....#...# #......
+.........#....#.... #####..
#.........#....#.... #..


You could see a hornet.

Vanquished Creatures
  A two-headed ogre (D:8)
  A troll (D:8)
  2 hippogriffs
  The ghost of kalagan the Magician, an amateur DEFE of Sif Muna (D:4)
  A vampire (D:10)
  2 wyverns
  A spriggan (D:7)
  A hungry ghost (D:8)
  A steam dragon (D:9)
  A porcupine (D:10)
  4 orc warriors
  3 ice beasts
  A sky beast (D:10)
  A black bear (D:10)
  2 phantoms
  An eye of draining (D:9)
  A necrophage (D:9)
  2 ogres (D:6)
  3 centaurs
  2 elf zombies (Ossuary)
  3 big kobolds
  3 bullfrogs
  A wyvern skeleton (D:7)
  2 scorpions (D:9)
  3 howler monkeys (D:10)
  3 crimson imps
  8 hounds
  3 jellies
  4 centaur zombies
  9 orc priests
  2 bullfrog skeletons
  A gnoll shaman (D:9)
  2 iguanas
  4 orc wizards
  Terence (D:2)
  7 worker ants
  A killer bee zombie (D:9)
  2 ogre zombies (Ossuary)
  A hound zombie (D:8)
  7 mummies (Ossuary)
  A worker ant zombie (D:10)
  7 gnolls
  12 adders
  A howler monkey skeleton (D:9)
  2 worms (D:2)
  An adder skeleton (D:4)
  3 adder zombies (Ossuary)
  2 dart slugs
  7 leopard geckos
  27 orcs
  10 giant cockroaches
  6 goblins
  9 hobgoblins
  23 jackals
  5 quokkas
  3 ball pythons
  7 bats
  7 frilled lizards
  5 goblin zombies (Ossuary)
  A hobgoblin zombie (Ossuary)
  19 kobolds
  8 kobold zombies (Ossuary)
  A leopard gecko skeleton (D:6)
  A quokka skeleton (D:4)
  4 quokka zombies (Ossuary)
  11 rats
  2 rat zombies (Ossuary)
  2 fungi (D:10)
  A plant (D:10)
287 creatures vanquished.

Vanquished Creatures (others)
  A fungus (D:10)
1 creature vanquished.

Grand Total: 288 creatures vanquished

Notes
Turn   | Place    | Note
-------+----------+-------------------------------------------
     0 | D:1      | Kold the Minotaur Gladiator began the quest for the Orb.
     0 | D:1      | Reached XP level 1. HP: 18/18 MP: 0/0
    50 | D:1      | Reached XP level 2. HP: 23/25 MP: 1/1
    81 | D:1      | Reached skill level 4 in Axes
   436 | D:1      | Reached XP level 3. HP: 29/31 MP: 2/2
  1164 | D:2      | Noticed Terence
  1182 | D:2      | Killed Terence
  1288 | D:2      | Reached XP level 4. HP: 15/38 MP: 3/3
  1697 | D:2      | Found Zin's Purification Station.
  1700 | D:2      | Found a glowing silver altar of Zin.
  1990 | D:2      | Found an ornate altar of the Wu Jian Council.
  2037 | D:2      | Became a worshipper of the Wu Jian Council
  2111 | D:3      | Reached skill level 5 in Axes
  2268 | D:3      | Reached XP level 5. HP: 27/46 MP: 4/4
  2463 | D:3      | Reached * piety under Wu Jian
  2658 | D:3      | Found a faded altar of an unknown god.
  2713 | D:3      | Reached skill level 6 in Axes
  3017 | D:4      | Reached skill level 7 in Axes
  3017 | D:4      | Reached XP level 6. HP: 47/52 MP: 5/5
  3106 | D:4      | Reached ** piety under Wu Jian
  3178 | D:4      | Found a sacrificial altar of Ru.
  3199 | D:4      | Found a runed gate.
  3199 | D:4      | Found a runed gate.
  3199 | D:4      | Found a runed gate.
  3200 | D:4      | Noticed kalagan's ghost (amateur DEFE)
  3214 | D:4      | Killed kalagan's ghost
  3214 | D:4      | Reached skill level 8 in Axes
  3214 | D:4      | Reached XP level 7. HP: 24/59 MP: 6/6
  3215 | D:4      | Reached skill level 9 in Axes
  3409 | D:4      | Found a stormy altar of Qazlal.
  3475 | D:4      | Found a white marble altar of Elyvilon.
  3746 | D:5      | Entered Level 5 of the Dungeon
  4322 | D:5      | Reached skill level 10 in Axes
  4733 | D:6      | Found a shadowy altar of Dithmenos.
  4944 | D:6      | Reached XP level 8. HP: 43/66 MP: 7/7
  5460 | D:2      | Bought a potion of curing for 90 gold pieces
  5656 | D:7      | Reached skill level 11 in Axes
  5906 | D:7      | Found a staircase to the Ecumenical Temple.
  5925 | Temple   | Entered the Ecumenical Temple
  6122 | D:7      | Reached skill level 12 in Axes
  6874 | D:8      | Found a shimmering altar of Xom.
  6908 | D:8      | Found a sand-covered staircase.
  6926 | Ossuary  | Entered an ossuary
  6999 | Ossuary  | Reached skill level 13 in Axes
  7142 | Ossuary  | Reached *** piety under Wu Jian
  7211 | Ossuary  | Reached XP level 9. HP: 68/71 MP: 8/8
  7491 | D:8      | Noticed a two-headed ogre
  7507 | D:8      | Killed a two-headed ogre
  7507 | D:8      | Reached skill level 14 in Axes
  7807 | D:8      | Found a transporter.
  7812 | D:8      | Found a roughly hewn altar of Beogh.
  7820 | D:8      | Noticed a troll
  7828 | D:8      | Killed a troll
  7828 | D:8      | Reached skill level 15 in Axes
  7834 | D:8      | Reached **** piety under Wu Jian
  8104 | D:8      | Found a transporter.
  8429 | D:8      | Found a hazy altar of Hepliaklqana.
  8988 | D:9      | Reached XP level 10. HP: 78/78 MP: 9/9
  9023 | D:9      | Found a staircase to the Orcish Mines.
  9039 | D:9      | Found a roughly hewn altar of Beogh.
  9054 | D:9      | Reached skill level 16 in Axes
  9240 | D:9      | Reached skill level 1 in Armour
  9682 | D:9      | Reached skill level 5 in Fighting
  9682 | D:9      | Reached skill level 5 in Dodging
 10379 | D:10     | Entered Level 10 of the Dungeon
 10386 | D:10     | Reached ***** piety under Wu Jian
 11128 | D:10     | Paralysed by a hornet for 1 turns
 11133 | D:10     | Paralysed by a hornet for 1 turns
 11134 | D:10     | HP: 4/84 [hornet (1)]
 11135 | D:10     | Mangled by a hornet

Skill      XL: |  1  2  3  4  5  6  7  8  9 10 |
---------------+-------------------------------+-----
Axes           | 4 5 7 8 10 13 15 16 | 16.0
Fighting       | 3 4 6 |  6.6
Dodging        | 4 6 |  6.2
Armour         | 4 |  4.9
Throwing       | |  2.0

Action                   |  1- 3 |  4- 6 |  7- 9 | 10-12 || total
-------------------------+-------+-------+-------+-------++-------
Melee: Hand axe          |    84 |   152 |   359 |   214 ||   809
       Headbutt          |    11 |    32 |    74 |    38 ||   155
       War axe           |     2 |       |       |       ||     2
Invok: Lunge             |       |    13 |    22 |    13 ||    48
       Whirlwind         |       |     6 |    20 |     1 ||    27
       Wall Jump         |       |     4 |    23 |     8 ||    35
       Serpent's Lash    |       |       |     2 |       ||     2
       Heavenly Storm    |       |       |       |     1 ||     1
  Use: Scroll            |     1 |     3 |       |     1 ||     5
       Potion            |       |       |     7 |     3 ||    10
 Stab: Sleeping          |     1 |       |     3 |       ||     4
  Eat: Chunk             |     1 |     6 |     9 |     8 ||    24
       Ration            |       |       |     3 |       ||     3
Armor: Leather armour    |    20 |    34 |    49 |    17 ||   120
       Steam dragon scal |       |       |       |     8 ||     8
Dodge: Dodged            |    47 |    59 |   112 |    67 ||   285
Block: Shield            |    10 |    18 |       |       ||    28
